 Dungeon Crawl Stone Soup version 0.30-a0-596-g0af90f9a20 (webtiles) character file.

Game seed: 12503255389448644121

204 Newt the Ducker (level 5, -1/38 HPs)
             Began as a Demonspawn Gladiator on Jan 6, 2023.
             Was a Priest of Vehumet.
             Slain by a scorpion (3 damage)
             ... on level 4 of the Dungeon.
             The game lasted 00:04:01 (2638 turns).

Newt the Ducker (Demonspawn Gladiator)              Turns: 2638, Time: 00:04:01

Health: -1/38      AC:  7    Str: 14    XL:     5   Next: 52%
Magic:  6/8        EV: 12    Int: 12    God:    Vehumet [***...]
Gold:   149        SH:  0    Dex: 14    Spells: 5/8 levels left

rFire   + . .      SeeInvis .    a - +0 rapier
rCold   . . .      Faith    +    (no shield)
rNeg    . . .      Spirit   .    b - +0 leather armour
rPois   .          Reflect  .    c - +0 helmet
rElec   .          Harm     .    p - +0 cloak
rCorr   .          Rampage  .    (no gloves)
Will    .....                    (no boots)
Stlth   ++                       h - amulet "Xezaohup" {Faith rF+}
HPRegen 0.26/turn                n - ring "Pouclug" {+Blink Will+}
MPRegen 0.11/turn                (no ring)

@: lethally poisoned (-1 -> -15), weak-willed
A: icy blue scales 1, powered by pain 1, demonic magic 1
a: Renounce Religion, Evoke Blink


You were on level 4 of the Dungeon.
You worshipped Vehumet.
Vehumet was most pleased with you.
You visited 1 branch of the dungeon, and saw 4 of its levels.

You collected 149 gold pieces.

Inventory:

Hand Weapons
 a - a +0 rapier (weapon)
Missiles
 d - 2 throwing nets
 e - a javelin
Armour
 b - a +0 leather armour (worn)
 c - a +0 helmet (worn)
 p - a +0 cloak (worn)
Jewellery
 h - the amulet "Xezaohup" (around neck) {Faith rF+}
   (You acquired it on level 3 of the Dungeon)

   [amulet of faith]

   It allows you to gain divine favour quickly.
   rF:        It protects you from fire.
 n - the ring "Pouclug" (left hand) {+Blink Will+}
   (You found it on level 2 of the Dungeon)

   [ring of willpower]

   +Blink:    It lets you blink.
   Will:      It increases your willpower.
Wands
 r - a wand of flame (18)
Scrolls
 f - a scroll of immolation
 j - a scroll of noise
 l - a scroll of teleportation
 o - a scroll of blinking
Potions
 g - a potion of degeneration {unknown}
 i - 2 potions of cancellation {unknown}
 k - 3 potions of curing {unknown}
 m - 2 potions of mutation {unknown}
 q - a potion of berserk rage {unknown}
 t - a potion of flight {unknown}


   Skills:
 - Level 2.0 Fighting
 - Level 2.6 Short Blades
 - Level 1.7 Throwing
 - Level 2.6 Dodging
 - Level 2.0 Stealth
 + Level 2.3 Spellcasting
 + Level 2.6 Conjurations
 + Level 2.3 Fire Magic


You had 5 spell levels left.
You knew the following spells:

 Your Spells              Type           Power      Damage    Failure   Level
a - Foxfire               Conj/Fire      28%        2x1d5     3%          1
b - Magic Dart            Conj           28%        1d4       3%          1
c - Freeze                Ice            4%         1d3       10%         1

Your spell library contained the following spells:

 Spells                   Type           Power      Damage    Failure   Level
 Dazzling Flash           Conj/Hex       8%         N/A       16%         3
 Hailstorm                Conj/Ice       4%         3d4       16%         3
 Frozen Ramparts          Ice            2%         1d1       26%         3
 Ozocubu's Armour         Ice            1%         N/A       71%         3
 Metabolic Englaciation   Hex/Ice        0%         N/A       100%        5
 Simulacrum               Ice/Necr       0%         N/A       100%        6


Dungeon Overview and Level Annotations

Branches:
Dungeon (4/15)
 Temple: D:4-7

Altars:
Okawaru
Sif Muna
Vehumet


Innate Abilities, Weirdness & Mutations

You are partially covered in icy blue scales. (AC +2)
You sometimes gain a little power by taking damage.
Spells you cast may paralyse adjacent enemies.


Message History

You feel very sick. The scorpion misses you.
You closely miss the scorpion.
The scorpion is moderately wounded.
You feel sick. The scorpion misses you.
You hit the scorpion but do no damage.
The scorpion is moderately wounded.
You feel sick. The scorpion closely misses you. The scorpion barely misses you.
Your foxfire dissipates!
The scorpion attacks as you move away! The scorpion stings you.
You are more poisoned.
The scorpion poisons you!
You feel sick.
Casting: Foxfire (safe; 3% risk of failure)
Press: ? - help, Q - select action, (/) - cycle Dir - look around, f - activate You conjure some foxfire!
Malevolent energies surge around you.
You feel sick. The scorpion stings you.
You hit the scorpion.
The scorpion is heavily wounded.
You feel sick.
The foxfire hits the scorpion.
The scorpion is heavily wounded.
The foxfire hits the scorpion but does no damage.
The scorpion is heavily wounded.
The scorpion stings you.
* * * LOW HITPOINT WARNING * * *
You are lethally poisoned!
The scorpion poisons you!
* * * LOW HITPOINT WARNING * * *
You feel very sick.
Casting: Foxfire (safe; 3% risk of failure)
Press: ? - help, Q - select action, (/) - cycle Dir - look around, f - activate You conjure some foxfire!
Malevolent energies surge around you.
* * * LOW HITPOINT WARNING * * *
You feel very sick. The scorpion stings you.
* * * LOW HITPOINT WARNING * * *
You are more poisoned.
The scorpion poisons you!
The foxfire hits the jelly.
The jelly is moderately wounded.
The scorpion stings you.
You die...

#.#######
####.......#####
#.[...<.##.#...########.
#.##.#...#)#....<.......
#.##...........##.####.#
#.##.#...#.##### ..#
#.##.##.##.# #.#
#........v.# ..
##########@## ... #sJ#
... ##.# ##.. #.# #.#
#.. ##. .. ..


You could see a scorpion (ally target) and a jelly.

Vanquished Creatures
  A scorpion (D:3)
  Crazy Yiuf (D:2)
  An orc wizard (D:3)
  2 adders (D:2)
  A worm (D:2)
  A dart slug (D:1)
  13 orcs (D:3)
  3 endoplasms
  2 giant cockroaches
  A goblin (D:2)
  4 hobgoblins
  4 kobolds
  3 quokkas
  8 ball pythons
  5 bats
  2 frilled lizards
  5 rats
57 creatures vanquished.

Vanquished Creatures (others)
  33 foxfires
33 creatures vanquished.

Grand Total: 90 creatures vanquished

Notes
Turn   | Place    | Note
-------+----------+-------------------------------------------
     0 | D:1      | Newt the Demonspawn Gladiator began the quest for the Orb.
     0 | D:1      | Reached XP level 1. HP: 16/16 MP: 1/1
    79 | D:1      | Reached skill level 1 in Stealth
    96 | D:1      | Found a faded altar of an unknown god.
   112 | D:1      | Prayed at the altar of an unknown god.
   112 | D:1      | Became a worshipper of Vehumet
   112 | D:1      | Reached * piety under Vehumet
   112 | D:1      | Offered knowledge of Foxfire by Vehumet.
   271 | D:1      | Gained mutation: Spells you cast may paralyse adjacent
                  | enemies. [demonic ancestry]
   271 | D:1      | Reached XP level 2. HP: 22/22 MP: 2/2
   273 | D:1      | Learned a level 1 spell: Foxfire
   639 | D:2      | Gained mutation: You sometimes gain a little power by
                  | taking damage. [demonic ancestry]
   639 | D:2      | Reached XP level 3. HP: 24/27 MP: 3/3
   717 | D:2      | Reached ** piety under Vehumet
   717 | D:2      | Offered knowledge of Magic Dart by Vehumet.
   842 | D:2      | Reached skill level 1 in Spellcasting
   842 | D:2      | Reached skill level 1 in Conjurations
   842 | D:2      | Reached skill level 1 in Fire Magic
   971 | D:2      | Identified the ring "Pouclug" {+Blink Will+}
  1092 | D:2      | Found a runed translucent door.
  1093 | D:2      | Noticed Crazy Yiuf
  1297 | D:2      | Learned a level 1 spell: Magic Dart
  1313 | D:2      | Killed Crazy Yiuf
  1314 | D:2      | Reached XP level 4. HP: 8/33 MP: 1/6
  1598 | D:3      | Identified a scroll of acquirement
  1598 | D:3      | Acquired the amulet "Xezaohup" {Faith rF+}
  1750 | D:3      | Learned a level 1 spell: Freeze
  1793 | D:3      | Noticed a scorpion
  1804 | D:3      | Killed a scorpion
  1805 | D:3      | Gained mutation: You are partially covered in icy blue
                  | scales. (AC +2) [demonic ancestry]
  1805 | D:3      | Reached XP level 5. HP: 14/38 MP: 4/8
  2112 | D:3      | Offered knowledge of Dazzling Flash by Vehumet.
  2158 | D:3      | Found a shimmering blue altar of Sif Muna.
  2210 | D:3      | Found an iron altar of Okawaru.
  2602 | D:4      | Reached *** piety under Vehumet
  2638 | D:4      | Slain by a scorpion

Illustrated notes

Levels and vault maps discovered:
D:1:      heliophobic_arrival_glass_houses, layout_rooms,
          shapermc_ecumenical_altar_ellora, minmay_cut_off
D:2:      layout_rooms, uniq_crazy_yiuf_cottage
D:3:      layout_loops_ring, chequers_temple_overflow_statue_of_worship,
          mainiacjoe_overflow_surrounded_room
D:4:      layout_loops_cross, mainiacjoe_overflow_concentric_impassable,
          nicolae_ossuary_entry_catacombs, minmay_unequal

Skill      XL: |  1  2  3  4 |
---------------+-------------+-----
Stealth        | 1 2 |  2.0
Spellcasting   | 1 2 |  2.3
Conjurations   | 1 2 |  2.6
Fire Magic     | 1 2 |  2.3
Fighting       | |  2.0
Short Blades   | |  2.6
Throwing       | |  1.7
Dodging        | |  2.6

Action                   |  1- 3 |  4- 6 || total
-------------------------+-------+-------++-------
Melee: Rapier            |   103 |    75 ||   178
       Punch             |     2 |       ||     2
Throw: Throwing net      |     3 |       ||     3
       Javelin           |     1 |       ||     1
 Cast: Foxfire           |     7 |    17 ||    24
       Magic Dart        |     1 |       ||     1
  Use: Scroll            |       |     7 ||     7
 Stab: Paralysed         |     6 |    11 ||    17
       Sleeping          |     1 |     2 ||     3
Armor: Leather armour    |    27 |    18 ||    45
Dodge: Dodged            |    75 |    53 ||   128

Table legend: (Time is in decaauts)
 A = Elapsed time spent in this place.
 B = Non-inter-level travel time spent in this place.
 C = Inter-level travel time spent in this place.
 D = Time resting spent in this place.
 E = Time spent auto-exploring this place.
 F = Levels seen in this place.
 G = Mean time per level.
                   A        B        C        D        E       F      G
               +--------+--------+--------+--------+--------+-----+--------+
         Total |   2650 |   2562 |     88 |    493 |   1631 |   4 |  662.5 |
       Dungeon |   2650 |   2562 |     88 |    493 |   1631 |   4 |  662.5 |
               +--------+--------+--------+--------+--------+-----+--------+

Top non-repeatable levels by time:
     D:3: 1042 daAuts
     D:2: 1020 daAuts
     D:1: 544 daAuts
     D:4: 42 daAuts
